 Dungeon Crawl Stone Soup version 0.23.2-33-g5129a83184 (webtiles) character file.

Game seed: 14357729146488531461

212 psyvane the Covert (level 5, -4/25 HPs)
             Began as a Spriggan Assassin on July 2, 2019.
             Slain by an orc wizard
             ... wielding a +0 dagger
              (6 damage)
             ... on level 3 of the Dungeon.
             The game lasted 00:20:04 (5104 turns).

psyvane the Covert (Spriggan Assassin)              Turns: 5104, Time: 00:20:05

Health: -4/25      AC:  3    Str:  8    XL:     5   Next: 58%
Magic:  9/9        EV: 18    Int: 13    God:
Gold:   121        SH:  0    Dex: 17    Spells: 4/4 levels left

rFire    . . .     SeeInvis +   a - +2 dagger
rCold    + . .     Gourm    .   (shield restricted)
rNeg     . . .     Faith    .   c - +0 robe
rPois    .         Spirit   .   (helmet restricted)
rElec    .         Reflect  .   d - +0 cloak
rCorr    .         Harm     .   (gloves unavailable)
MR       .....                  (boots unavailable)
Stlth    ++++......             (no amulet)
HPRegen  0.08/turn              j - ring of protection from cold
MPRegen  0.11/turn              l - ring of flight

@: about to teleport, very quick
A: very small, unfitting armour, see invisible, herbivore, speed 3, slow
metabolism 2
a: Evoke Flight


You were on level 3 of the Dungeon.
You were hungry.

You visited 1 branch of the dungeon, and saw 3 of its levels.

You collected 121 gold pieces.

Inventory:

Hand Weapons
 a - a +2 dagger (weapon)
 b - a +0 blowgun
 o - a +0 dagger
Missiles
 e - 8 poisoned needles
 f - 2 curare-tipped needles
Armour
 c - a +0 robe (worn)
 d - a +0 cloak (worn)
Jewellery
 j - a ring of protection from cold (left hand)
 l - a ring of flight (right hand)
Wands
 n - a wand of flame (6)
Scrolls
 r - 2 scrolls of identify
 s - a scroll of enchant armour {unknown}
Potions
 h - a potion of might {unknown}
 i - a potion of mutation {unknown}
 m - a potion of curing {unknown}
 p - a potion of cancellation {unknown}
 q - a potion of heal wounds {unknown}
Comestibles
 g - 7 rations


   Skills:
 - Level 1.5 Fighting
 - Level 2.6 Short Blades
 - Level 2.0 Throwing
 * Level 2.7 Dodging
 * Level 8.6 Stealth
 - Level 4.0 Evocations


You had 4 spell levels left.
You didn't know any spells.
Your spell library was empty.

Dungeon Overview and Level Annotations

Branches:
Dungeon (3/15)

Altars:
Dithmenos
Hepliaklqana
Trog


Innate Abilities, Weirdness & Mutations

You are very small and have problems with some larger weapons.
You are too small for most types of armour.
You have supernaturally acute eyesight. (SInv)
You are a herbivore.
You cover ground extremely quickly.
You need to consume almost no food.


Message History

The orc wizard is lightly wounded.
The orc wizard misses you. The orc hits you.
The orc wizard hits you with a +0 dagger.
You hit the orc wizard.
The orc wizard is heavily wounded.
The orc wizard gestures at you while chanting.
The magic dart hits you!
* * * LOW HITPOINT WARNING * * *
The orc closely misses you.
As you read the scroll of teleportation, it crumbles to dust.
You feel strangely unstable.
The orc wizard casts a spell.
The orc wizard blinks!
The orc barely misses you.
The orc wizard casts a spell.
The orc wizard blinks!
The orc wizard gestures at you while chanting.
The magic dart hits you.
* * * LOW HITPOINT WARNING * * *
The orc wizard hits you with a +0 dagger.
You die...

#.#
##.#####......
#.#.# #......
##.#. #......
... .# #......
# #o# #.#
#...... #.#o#
#.# #......
##.#.####.#
#†.....
#....o....##
#......
####@......#
#......
#.......#
#######
#.......#
######
#§......#
#.....
#.......#
#.####
#.......# #.#
#.####### #.#
#.# #.# #.#
#.#


You could see an orc wizard and 2 orcs.

Vanquished Creatures
  A crimson imp (D:3)
  Crazy Yiuf (D:2)
  Jessica (D:2)
  Robin (D:2)
  2 adders (D:2)
  An ooze (D:3)
  A dart slug (D:2)
  3 leopard geckos
  An orc (D:3)
  2 ball pythons
  9 bats
  4 giant cockroaches
  19 goblins
  8 hobgoblins
  7 jackals
  2 kobolds (D:2)
  A quokka (D:2)
  2 frilled lizards (D:2)
  15 rats
81 creatures vanquished.

Notes
Turn   | Place    | Note
-------+----------+-------------------------------------------
     0 | D:1      | psyvane the Spriggan Assassin began the quest for the Orb.
     0 | D:1      | Reached XP level 1. HP: 10/10 MP: 2/2
     9 | D:1      | Reached skill level 6 in Stealth
   188 | D:1      | Reached XP level 2. HP: 14/14 MP: 3/3
   656 | D:1      | Reached skill level 7 in Stealth
   750 | D:1      | Reached XP level 3. HP: 18/18 MP: 4/4
  1093 | D:2      | Found a shadowy altar of Dithmenos.
  1095 | D:2      | Noticed Jessica
  1116 | D:2      | Noticed Robin
  1405 | D:2      | Killed Jessica
  1405 | D:2      | Reached skill level 8 in Stealth
  1407 | D:2      | Reached XP level 4. HP: 10/22 MP: 5/5
  1928 | D:2      | Reached skill level 1 in Evocations
  2488 | D:2      | Found a runed translucent door.
  2489 | D:2      | Noticed Crazy Yiuf
  3604 | D:2      | Killed Robin
  4017 | D:2      | Killed Crazy Yiuf
  4017 | D:2      | Reached XP level 5. HP: 13/25 MP: 7/9
  4312 | D:3      | Noticed a moth of wrath
  4315 | D:3      | Found a bloodstained altar of Trog.
  4688 | D:3      | Found a hazy altar of Hepliaklqana.
  5104 | D:3      | Slain by an orc wizard

Skill      XL: |  1  2  3  4 |
---------------+-------------+-----
Stealth        | 6 7 8 |  8.6
Dodging        | 2 |  2.7
Evocations     | 4 |  4.0
Fighting       | |  1.5
Short Blades   | |  2.6
Throwing       | |  2.0

Action                   |  1- 3 |  4- 6 || total
-------------------------+-------+-------++-------
Melee: Dagger            |   112 |    30 ||   142
       Rapier            |       |   205 ||   205
 Fire: Blowgun           |     2 |       ||     2
Evoke: Wand              |       |     1 ||     1
  Use: Scroll            |     2 |     7 ||     9
       Potion            |       |     1 ||     1
 Stab: Sleeping          |     6 |     8 ||    14
  Eat: Ration            |       |     1 ||     1
Armor: Robe              |    17 |    22 ||    39
Dodge: Dodged            |    91 |   199 ||   290
